 Dungeon Crawl Stone Soup version 0.32-a0-666-ge8a88695a4 (webtiles) character file.

Game seed: 8417860790566280950

75506 gimp the Severer (level 15, -11/177 HPs)
             Began as an Armataur Monk on Mar 9, 2024.
             Was a High Priest of Trog.
             Mangled by an ettin
             ... wielding a +0 dire flail
              (36 damage)
             ... on level 14 of the Dungeon.
             The game lasted 00:53:12 (21026 turns).

gimp the Severer (Armataur Monk)                   Turns: 21026, Time: 00:53:13

Health: -11/177    AC: 22    Str: 26    XL:     15   Next: 9%
Magic:  24/24      EV:  7    Int:  8    God:    Trog [*****.]
Gold:   1720       SH:  7    Dex: 21    Spells: 14/14 levels left

rFire   + + .        a - +3 broad axe (spect)
rCold   + . .        B - +0 buckler
rNeg    . . .        O - +1 scale mail of Too Many Cooks {rPois rC+ Regen+ Str+2}
rPois   +            Y - +1 hat of Whack-A-Mole {rF+ MP+9}
rElec   +            j - +1 cloak
rCorr   .            x - +0 pair of gloves
SInv    .            c - +0 barding of Soitotir {Regen+ Int-2 Dex+3}
Will    +++..        y - amulet of faith Stlth
                     U - ring of protection from fire
HPRegen 3.09/turn    T - ring "Ehaerit" {Fly rElec Dex+5 Slay+3}
MPRegen 0.19/turn

%: roll, faith
@: berserking, strong-willed (expiring), flying, regenerating (expiring),
slowed, studying Dodging
A: large, deformed body, tough skin 3, armoured tail, roll 2
a: Renounce Religion, Berserk, Trog's Hand, Brothers in Arms


You were on level 14 of the Dungeon.
You worshipped Trog.
Trog was extremely pleased with you.
You visited 4 branches of the dungeon, and saw 22 of its levels.
You also visited: Ossuary, Bailey and Gauntlet.

You collected 2233 gold pieces.
You spent 513 gold pieces at shops.

Inventory:

Hand Weapons
 a - a +3 spectral broad axe (weapon)
 b - a +1 war axe of flaming
Missiles
 s - 2 throwing nets
 Q - 6 curare-tipped darts
Armour
 c - the +0 barding of Soitotir (worn) {Regen+ Int-2 Dex+3}
   (You found it in a Gauntlet)

   Int-2:     It affects your intelligence (-2).
   Dex+3:     It affects your dexterity (+3).
   Regen+:    It increases your rate of health regeneration.
 j - a +1 cloak (worn)
 x - a +0 pair of gloves (worn)
 B - a +0 buckler (worn)
 O - the +1 scale mail of Too Many Cooks (worn) {rPois rC+ Regen+ Str+2}
   (You bought it in a shop on level 8 of the Dungeon)

   Str+2:     It affects your strength (+2).
   rC+:       It protects you from cold.
   rPois:     It protects you from poison.
   Regen+:    It increases your rate of health regeneration.
 V - a +2 hat of see invisible
 Y - the +1 hat of Whack-A-Mole (worn) {rF+ MP+9}
   (You found it in a Gauntlet)

   rF+:       It protects you from fire.
   MP+9:      It affects your magic capacity (+9).
Jewellery
 n - a ring of ice
 v - a ring of resist corrosion
 y - an amulet of faith (around neck)
 C - a ring of positive energy
 I - a ring of protection from fire
 T - the ring "Ehaerit" (right hand) {Fly rElec Dex+5 Slay+3}
   (You found it on level 10 of the Dungeon)

   [ring of flight]

   Dex+5:     It affects your dexterity (+5).
   Slay+3:    It affects your accuracy & damage with ranged weapons and melee
   (+3).
   rElec:     It insulates you from electricity.
   Fly:       It grants you flight.
 U - a ring of protection from fire (left hand)
 X - a +5 ring of evasion
Wands
 q - a wand of flame (55)
 u - a wand of mindburst (17)
 w - a wand of roots (24)
 S - a wand of paralysis (11)
Scrolls
 e - 9 scrolls of teleportation
 h - a scroll of silence
 i - 3 scrolls of enchant armour
 k - 2 scrolls of vulnerability
 o - 3 scrolls of blinking
 r - a scroll of enchant weapon
 D - a scroll of immolation
 E - 2 scrolls of poison
 F - 3 scrolls of summoning
 J - 2 scrolls of fog
 K - a scroll of revelation
 M - 5 scrolls of fear
 Z - 2 scrolls of identify
Potions
 f - 2 potions of haste
 g - 8 potions of curing
 z - 3 potions of berserk rage
 A - 2 potions of enlightenment
 G - 2 potions of magic
 H - 7 potions of ambrosia
 L - 2 potions of resistance
 P - 2 potions of might
 R - 3 potions of mutation
 W - 2 potions of heal wounds
Miscellaneous
 d - a phial of floods
 N - a sack of spiders


   Skills:
 - Level 7.0 Fighting
 * Level 17.4 Axes
 + Level 13.3 Armour
 - Level 2.1 Dodging
 - Level 9.0 Shields
 + Level 8.9 Evocations


You had 14 spell levels left.
You didn't know any spells.
Your spell library contained the following spells:

 Spells                   Type           Power      Damage    Failure   Level
 Gell's Gravitas          Tloc           0%         N/A       95%         3
 Teleport Other           Tloc           0%         N/A       95%         3
 Dispersal                Tloc           0%         N/A       100%        6


Dungeon Overview and Level Annotations

Branches:
Dungeon (14/15)            Temple (1/1) D:5            Lair (5/5) D:9
 Shoals (0/4) Lair:3       Spider (0/4) Lair:3        Slime (0/5) Lair:4
    Orc (2/2) D:9             Elf (0/3) Orc:2       Ossuary (visited)
 Bailey (visited)         Gauntlet (visited)
 Vaults: D:13-14

Altars:
Ashenzari
Cheibriados
Dithmenos
Elyvilon
Fedhas
Gozag
Hepliaklqana
Kikubaaqudgha
Makhleb
Nemelex Xobeh
Okawaru
Qazlal
Ru
Sif Muna
Trog
Uskayaw
Vehumet
Wu Jian
Xom
Yredelemnul
Zin
The Shining One

Shops:
D:3 ?:   D:8 [   D:9 ?

Annotations:
D:7 3 runed translucent doors, 2 transporters, exclusion: 3 doors, occam's ghost, novice OpSh
D:11 2 transporters
Lair:1 1 runed translucent door, exclusion: door, Darkkill's ghost, journeyman MiHu
Orc:2 1 exclusion, Saint Roka


Innate Abilities, Weirdness & Mutations

Armour fits poorly on your strangely shaped body.
You have extremely tough skin. (AC +3)
You have a long armoured tail.
You regenerate magic and health when rolling toward enemies. (Rampage Regen)


Message History

The brown ugly thing is severely wounded.
Your +3 spectral broad axe barely misses the brown ugly thing.
The brown ugly thing tail-slaps you.
You are splashed with acid.
You take 7 damage, and have 60/118 hp.
You slash the brown ugly thing!
The brown ugly thing is almost dead.
Your +3 spectral broad axe hits the brown ugly thing.
You hit the brown ugly thing.
The brown ugly thing is almost dead.
Your +3 spectral broad axe hits the brown ugly thing!!
You kill the brown ugly thing!
Trog accepts your kill.
You regained 2 hp, and now have 63/118 hp.
Your skin crawls.
You feel strong-willed.
Your +3 spectral broad axe disappears.
The brown ugly thing pecks you but does no damage.
You regained 3 hp, and now have 66/118 hp.
You closely miss the brown ugly thing.
Your +3 spectral broad axe hits the brown ugly thing.
You regained 2 hp, and now have 68/118 hp.
You barely miss the brown ugly thing. You tail-slap the brown ugly thing.
The brown ugly thing is lightly wounded.
Your +3 spectral broad axe hits the brown ugly thing!
The brown ugly thing pecks you but does no damage.
You regained 2 hp, and now have 70/118 hp.
You slice the brown ugly thing!! You tail-slap the brown ugly thing.
The brown ugly thing is severely wounded.
Your +3 spectral broad axe closely misses the brown ugly thing.
You hear a roar!
The brown ugly thing pecks you but does no damage.
You regained 2 hp, and now have 72/118 hp.
You hit the brown ugly thing but do no damage.
The brown ugly thing is severely wounded.
Your +3 spectral broad axe misses the brown ugly thing.
The brown ugly thing pecks you but does no damage.
You regained 3 hp, and now have 75/118 hp.
You slash the brown ugly thing!
The brown ugly thing is almost dead.
Your +3 spectral broad axe hits the brown ugly thing but does no damage.
A lindwurm comes into view.
You regained 2 hp, and now have 77/118 hp.
You slash the brown ugly thing!
You kill the brown ugly thing!
Trog accepts your kill.
Your +3 spectral broad axe disappears.
The lindwurm breathes flames at you.
The blast of flame hits something!!
The blast of flame hits you! You resist.
You take 7 damage, and have 70/118 hp.
Deactivating autopickup; reactivate with Ctrl-A.
You hit something.
Your +3 spectral broad axe hits something!
You are no longer corroded.
Something hits you. Something drains your vigour!
You feel yourself slow down.
You slice something!! Trog accepts your kill.
Reactivating autopickup.
You feel a bit more experienced.
Your +3 spectral broad axe disappears.
You regained 4 hp, and now have 74/118 hp.
You slice the lindwurm!!
The lindwurm is severely wounded.
Your +3 spectral broad axe hits the lindwurm!
You block the lindwurm's attack.
The lindwurm claws you but does no damage. x2
An ettin comes into view. It is wielding two +0 dire flails.
You regained 3 hp, and now have 77/118 hp.
You slash the lindwurm!
You kill the lindwurm!
Trog accepts your kill.
Your +3 spectral broad axe disappears.
You regained 3 hp, and now have 80/118 hp.
No target in range!
No target in range!
You feel the effects of Trog's Hand fading.
You regained 5 hp, and now have 85/118 hp.
You hit the ettin.
You tail-slap the ettin, but do no damage.
The ettin is lightly wounded.
Your +3 spectral broad axe hits the ettin!
The ettin hits you with a +0 dire flail!!!
The ettin hits you with a +0 dire flail.
You take 34 damage, and have 51/118 hp.
MASSIVE DAMAGE!!
You are too injured to fight recklessly!
A red film seems to cover your vision as you go berserk!
You feel yourself moving faster!
You feel mighty!
Your +3 spectral broad axe disappears.
The ettin hits you with a +0 dire flail.
The ettin closely misses you.
The ettin hits you with a +0 dire flail!!
* * * LOW HITPOINT WARNING * * *
The ettin hits you with a +0 dire flail!!
* * * LOW HITPOINT WARNING * * *
You now have 23/177 hp.
You are too injured to fight recklessly!
You slice the ettin!! You tail-slap the ettin!!
The ettin is severely wounded.
Your +3 spectral broad axe hits the ettin!
The ettin hits you with a +0 dire flail!!!
You die...

#.........#
#.......#..######
#.......##..#.#..
#.......# #.#.#.#
#.......# .#.#.#
###.<.....## .+.#.#####
...........####......?#
###...................#
####.###.#####@..##.#
#.=.# #.#...C(.....#
###.#####.#..#######.#
##.........#. #
##........)#
##.........# #
.#.........# .#
...........##########.#
##..............:.....#


You could see an ettin and a friendly +3 spectral broad axe.

Vanquished Creatures
  Gastronok (Lair:1)
  Kirke (Lair:3)
  A reaper (Gauntlet)
  A dire elephant (Lair:5)
  A minotaur (Gauntlet)
  Snorg (D:10)
  A fire dragon (Lair:5)
  An entropy weaver (shapeshifter) (D:14)
  3 hydras
  A hell beast (Gauntlet)
  2 catoblepae
  Erica (D:9)
  8 two-headed ogres
  A death knight (D:11)
  6 death yaks
  Urug (D:13)
  Sonja (Lair:3)
  2 skysharks
  A shadow wraith (D:14)
  2 skeletal warriors
  A swamp dragon (Lair:5)
  3 lindwurms
  An orc knight (D:14)
  4 cyclopes
  An orc sorcerer (D:14)
  12 ugly things
  7 manticores
  6 elephants (Lair:5)
  7 slime creatures
  13 cane toads
  8 black mambas
  A torpor snail (Lair:5)
  A gargoyle (D:14)
  A kobold demonologist (D:11)
  2 freezing wraiths (D:11)
  3 rime drakes
  An efreet (D:9)
  8 komodo dragons
  An unseen horror (D:10)
  A tengu conjurer (D:14)
  7 trolls
  A polar bear (Lair:1)
  3 dream sheep (Lair:5)
  A hornet (D:9)
  18 blink frogs
  Grinder (D:5)
  Sigmund (D:3)
  2 spriggans (Bailey)
  4 culicivoras (Lair:3)
  A shadow (D:10)
  A wraith (D:11)
  7 wyverns
  6 basilisks
  24 yaks
  8 steam dragons
  3 vampire mosquitoes (D:13)
  2 hogs (Lair:3)
  A warg (Orc:1)
  3 swamp worms (Lair:1)
  Edmund (D:5)
  6 acid dragons
  8 water moccasins
  2 hell hounds (Gauntlet)
  2 swamp drakes (Lair:5)
  12 orc warriors
  A sky beast (D:8)
  4 black bears
  30 wolves
  5 centaurs
  8 ogres
  A phantom (D:5)
  5 kobold brigands
  A weeping skull (Ossuary)
  Blork the orc (D:4)
  3 scorpions
  15 bullfrogs
  5 water moccasin zombies (Ossuary)
  8 killer bees
  A howler monkey (D:12)
  2 electric eels
  A hound (D:7)
  A jelly (D:8)
  A spectral scorpion (Ossuary)
  2 gnoll boudas
  18 orc priests
  Ijyb (D:4)
  4 iguanas
  2 sleepcaps
  21 orc wizards
  A hell rat (Lair:5)
  A bullfrog simulacrum (Ossuary)
  A crocodile zombie (Ossuary)
  3 mummies
  6 adders
  15 gnolls
  2 shadow imps
  2 adder zombies (Ossuary)
  2 dart slugs
  2 ribbon worms
  66 orcs
  9 endoplasms
  4 giant cockroaches
  8 gnoll zombies (Ossuary)
  11 goblins
  7 hobgoblins
  4 quokkas
  6 ball pythons
  10 bats
  2 frilled lizards
  2 jackal zombies (Ossuary)
  25 kobolds
  10 orc zombies (Ossuary)
  6 rats
  A butterfly (Lair:2)
591 creatures vanquished.

Vanquished Creatures (collateral kills)
  Psyche (D:9)
  A hellwing (Gauntlet)
  A wraith (D:9)
  A shadow imp (Gauntlet)
4 creatures vanquished.

Vanquished Creatures (others)
  7 spectral weapons
7 creatures vanquished.

Grand Total: 602 creatures vanquished

Notes
Turn   | Place    | Note
-------+----------+-------------------------------------------
     0 | D:1      | gimp the Armataur Monk began the quest for the Orb.
     0 | D:1      | Reached XP level 1. HP: 18/18 MP: 1/1
   214 | D:1      | Reached XP level 2. HP: 25/25 MP: 2/2
   323 | D:1      | Reached skill level 3 in Axes
   345 | D:1      | Reached XP level 3. HP: 23/31 MP: 3/3
   997 | D:2      | Reached skill level 1 in Armour
  1035 | D:2      | Found a basalt altar of Yredelemnul.
  1358 | D:2      | Reached XP level 4. HP: 37/38 MP: 4/4
  1653 | D:3      | Found Alef Neeh's Magic Scroll Emporium.
  1700 | D:3      | Reached XP level 5. HP: 31/45 MP: 5/5
  1834 | D:3      | Found Cinkey's Book Boutique.
  1860 | D:3      | Reached skill level 4 in Axes
  1958 | D:3      | Noticed Sigmund
  1979 | D:3      | Killed Sigmund
  1980 | D:3      | Reached XP level 6. HP: 24/52 MP: 6/6
  2284 | D:3      | Bought a scroll of blinking for 82 gold pieces
  2284 | D:3      | Bought a scroll of identify for 22 gold pieces
  2284 | D:3      | Bought a scroll of teleportation for 33 gold pieces
  2413 | D:3      | Found a sparkling altar of Nemelex Xobeh.
  2542 | D:3      | Found a shimmering blue altar of Sif Muna.
  2574 | D:3      | Found a hazy altar of Hepliaklqana.
  2903 | D:3      | Reached skill level 5 in Axes
  3127 | D:4      | Gained mutation: You regenerate magic and health when
                  | rolling toward enemies. (Rampage Regen) [Armataur growth]
  3127 | D:4      | Reached XP level 7. HP: 21/60 MP: 7/7
  3375 | D:4      | Noticed Blork the orc
  3620 | D:4      | Killed Blork the orc
  3719 | D:4      | Found a broken altar of Ashenzari.
  3721 | D:4      | Found a shimmering altar of Xom.
  3727 | D:4      | Noticed Ijyb
  3759 | D:4      | Killed Ijyb
  4293 | D:5      | Entered Level 5 of the Dungeon
  4632 | D:5      | Found a staircase to the Ecumenical Temple.
  4632 | D:5      | Noticed Edmund
  4632 | D:5      | You fall into a shaft and drop 1 floor!
  4889 | Temple   | Entered the Ecumenical Temple
  4972 | Temple   | Became a worshipper of Trog the Wrathful
  4972 | Temple   | Reached * piety under Trog
  4972 | Temple   | Reached ** piety under Trog
  5001 | D:5      | Reached skill level 5 in Fighting
  5001 | D:5      | Reached skill level 6 in Axes
  5006 | D:5      | Reached skill level 5 in Armour
  5006 | D:5      | Reached XP level 8. HP: 68/68 MP: 8/8
  5064 | D:5      | Killed Edmund
  5219 | D:5      | Noticed Grinder
  5226 | D:5      | Killed Grinder
  5227 | D:5      | Reached skill level 7 in Axes
  5855 | D:6      | Found a snail-covered altar of Cheibriados.
  5925 | D:6      | Found a glowing golden altar of the Shining One.
  6478 | D:7      | Found a white marble altar of Elyvilon.
  6495 | D:7      | Found a runed translucent gate.
  6495 | D:7      | a jelly changed into a meliai
  6495 | D:7      | Noticed a meliai (shapeshifter)
  6518 | D:7      | Found a transporter.
  6518 | D:7      | Found a runed translucent gate.
  6518 | D:7      | Noticed a manticore
  6518 | D:7      | Noticed an entropy weaver
  6524 | D:7      | Found a transporter.
  6526 | D:7      | an entropy weaver changed into a yak
  6539 | D:7      | Found an iron altar of Okawaru.
  6539 | D:7      | Found a radiant altar of Vehumet.
  6574 | D:7      | Found a sand-covered staircase.
  6581 | D:7      | Reached XP level 9. HP: 77/77 MP: 9/9
  6584 | Ossuary  | Entered an ossuary
  6637 | Ossuary  | Reached skill level 8 in Axes
  6705 | Ossuary  | Reached *** piety under Trog
  6949 | D:7      | Noticed an unseen horror
  6950 | D:7      | Noticed an entropy weaver
  6963 | D:7      | an entropy weaver changed into a culicivora
  6965 | D:7      | a culicivora changed into a harpy
  6965 | D:7      | Noticed a harpy (shapeshifter)
  6996 | D:7      | Noticed an entropy weaver
  6998 | D:7      | an entropy weaver changed into a shapeshifter
  7096 | D:7      | a shapeshifter changed into a queen bee
  7096 | D:7      | Noticed a queen bee (shapeshifter)
  7116 | D:7      | a queen bee changed into a yaktaur
  7116 | D:7      | Noticed a yaktaur (shapeshifter)
  7147 | D:7      | Reached **** piety under Trog
  7152 | D:7      | a yaktaur changed into a cane toad
  7152 | D:7      | Noticed a cane toad (shapeshifter)
  7204 | D:7      | Noticed a komodo dragon
  7291 | D:7      | Noticed a moth of wrath
  7292 | D:7      | Found a runed translucent gate.
  7292 | D:7      | Found an opulent altar of Gozag.
  7293 | D:7      | Noticed occam's ghost (novice OpSh)
  7346 | D:7      | Reached skill level 9 in Axes
  7703 | D:7      | Noticed a meliai
  7707 | D:7      | a meliai changed into a warg
  7738 | D:7      | Noticed an entropy weaver
  7746 | D:7      | an entropy weaver changed into an acid dragon
  8123 | D:8      | Noticed a two-headed ogre
  8135 | D:8      | Killed a two-headed ogre
  8136 | D:8      | Reached skill level 10 in Axes
  8136 | D:8      | Reached XP level 10. HP: 79/86 MP: 10/10
  8298 | D:8      | Found Ofunecon's Superior Scales.
  8704 | D:9      | Noticed Erica
  8720 | D:9      | Killed Erica
  8721 | D:9      | Reached skill level 11 in Axes
  8883 | D:9      | Found a flagged portal.
  8892 | Bailey   | Entered a bailey
  9047 | Bailey   | Noticed a two-headed ogre
  9060 | Bailey   | Killed a two-headed ogre
  9391 | D:9      | Found a staircase to the Lair.
  9491 | D:9      | Noticed a purple ugly thing
  9500 | D:9      | Reached skill level 12 in Axes
  9506 | D:9      | Killed a purple ugly thing
  9507 | D:9      | Reached skill level 5 in Shields
  9508 | D:9      | Reached XP level 11. HP: 92/92 MP: 11/11
  9541 | D:9      | HP: 3/92 [bullfrog (6)]
  9541 | D:9      | HP: 1/92 [bullfrog (2)]
 10096 | D:9      | Noticed a two-headed ogre
 10301 | D:9      | Paralysed by a hornet for 1 turns
 10306 | D:9      | Paralysed by a hornet for 3 turns
 10403 | D:8      | Bought the +1 scale mail of Too Many Cooks {rPois rC+
                  | Regen+ Str+2} for 376 gold pieces
 10579 | D:9      | Found a staircase to the Orcish Mines.
 10736 | D:9      | Noticed Psyche
 10740 | D:9      | Killed Psyche
 10808 | D:9      | Killed a two-headed ogre
 10905 | D:9      | Found Dain's Magic Scroll Boutique.
 10957 | D:10     | Entered Level 10 of the Dungeon
 11081 | D:10     | Identified the ring "Ehaerit" {Fly rElec Dex+5 Slay+3}
 11236 | D:10     | Noticed Snorg
 11304 | D:10     | Killed Snorg
 11305 | D:10     | Reached skill level 13 in Axes
 11680 | Orc:1    | Entered Level 1 of the Orcish Mines
 11805 | Orc:1    | Reached ***** piety under Trog
 12036 | Orc:2    | Entered Level 2 of the Orcish Mines
 12115 | Orc:2    | Found a staircase to the Elven Halls.
 12118 | Orc:2    | Received a gift from Trog
 12159 | Orc:2    | Noticed Saint Roka
 12274 | Orc:2    | Noticed an orc sorcerer
 12361 | Lair:1   | Entered Level 1 of the Lair of Beasts
 12442 | Lair:1   | Found a runed translucent door.
 12484 | Lair:1   | Noticed Darkkill's ghost (journeyman MiHu)
 12701 | Lair:1   | Reached XP level 12. HP: 63/100 MP: 12/12
 13105 | Lair:1   | Reached skill level 14 in Axes
 13122 | Lair:1   | Noticed Gastronok
 13136 | Lair:1   | Killed Gastronok
 13141 | Lair:1   | HP: 7/150 [blink frog (15)]
 13757 | Lair:2   | Reached skill level 1 in Evocations
 14265 | Lair:2   | Received a gift from Trog
 14590 | Lair:2   | Identified a scroll of acquirement
 14590 | Lair:2   | Acquired a manual of Dodging
 14645 | Lair:2   | Reached XP level 13. HP: 102/105 MP: 13/13
 14968 | Lair:2   | Reached skill level 15 in Axes
 15000 | Lair:3   | Found a hole to the Spider Nest.
 15039 | Lair:3   | Noticed Kirke
 15049 | Lair:3   | Killed Kirke
 15165 | Lair:3   | Reached skill level 10 in Armour
 15243 | Lair:3   | You are sucked into a shaft and drop 2 floors!
 15243 | Lair:5   | Entered Level 5 of the Lair of Beasts
 15325 | Lair:5   | Identified the maw talisman of Koqaelol {Dex+2}
 15726 | Lair:4   | Reached skill level 5 in Evocations
 15990 | Lair:4   | Found a staircase to the Slime Pits.
 16359 | Lair:3   | Found a staircase to the Shoals.
 16563 | Lair:3   | Noticed Sonja
 16565 | Lair:3   | Killed Sonja
 17050 | Lair:5   | Noticed a dire elephant
 17062 | Lair:5   | Killed a dire elephant
 17063 | Lair:5   | Reached skill level 16 in Axes
 17122 | Lair:5   | Identified the +7 chain mail "Muuzxeaf" {Rampage Will+
                  | Str+3}
 17166 | Lair:5   | Reached XP level 14. HP: 111/113 MP: 14/14
 17423 | Lair:5   | Reached ****** piety under Trog
 17972 | D:11     | Received a gift from Trog
 18031 | D:11     | Found a gate leading to a gauntlet.
 18057 | Gauntlet | Entered a Gauntlet
 18057 | Gauntlet | Found a transporter.
 18066 | Gauntlet | Found a transporter.
 18071 | Gauntlet | Found a transporter.
 18074 | Gauntlet | Found a transporter.
 18083 | Gauntlet | Found a transporter.
 18083 | Gauntlet | Found a transporter.
 18085 | Gauntlet | Found a transporter.
 18085 | Gauntlet | Found a transporter.
 18171 | Gauntlet | Noticed a reaper
 18177 | Gauntlet | Found a transporter.
 18185 | Gauntlet | Found a transporter.
 18196 | Gauntlet | Found a transporter.
 18203 | Gauntlet | Found a transporter.
 18256 | Gauntlet | Identified the +0 barding of Soitotir {Regen+ Int-2 Dex+3}
 18317 | Gauntlet | Killed a reaper
 18329 | Gauntlet | Identified the +1 hat of Whack-A-Mole {rF+ MP+9}
 18693 | D:11     | Found a transporter.
 18705 | D:11     | Noticed a stone giant
 18706 | D:11     | Identified the +6 scimitar of the Omega Point {flame, MP+9
                  | Stlth+}
 19077 | D:11     | Found a transporter.
 19079 | D:11     | Identified the staff of Impermanence {rPois rF- Int+6 Ice
                  | Alchemy}
 19837 | D:13     | Reached skill level 17 in Axes
 19948 | D:13     | Found a blossoming altar of Fedhas.
 20169 | D:13     | Noticed Urug
 20179 | D:13     | Killed Urug
 20820 | D:14     | Reached XP level 15. HP: 117/118 MP: 15/15
 20926 | D:14     | Found a shimmering blue altar of Sif Muna.
 21026 | D:14     | Mangled by an ettin

Illustrated notes

Levels and vault maps discovered:
D:1:      dpeg_arrival_ternary, layout_basic, minmay_tetromino_t2
D:2:      layout_basic, basic_altar
D:3:      layout_rooms, nemelex_dance_club_becter,
          mainiacjoe_overflow_two_lobes, serial_shops,
          nicolae_shop_pleasant_corner_grove, shop, kennysheep_doodads,
          uniq_sigmund
D:4:      layout_loops_ring, grunt_temple_overflow_open, uniq_blork_the_orc,
          uniq_ijyb
D:5:      layout_basic, minmay_temple_entry_gardened_gates, uniq_edmund,
          uniq_grinder
D:6:      layout_loops_cross, mainiacjoe_overflow_surrounded_room,
          kennysheep_mini_moat
D:7:      layout_basic, gammafunk_temple_overflow_arena,
          mainiacjoe_overflow_large_starburst, ebering_ghost_gozag,
          gup_ossuary_entry_pyramid, serial_bayou_ford_a, abandoned_shop
D:8:      layout_basic, hangedman_decor_clover_reticule, hellmonk_scale_shop
D:9:      cheibrodos_fzero, layout_irregular_city, david_lair_generic,
          hiddenorc1_lemuel, serial_shops, shop, enter_bailey_2, uniq_psyche,
          uniq_erica
D:10:     layout_cave_pools, uniq_snorg
D:11:     gammafunk_sealed_arena, layout_loops_ring, gauntlet_entry_generic
D:12:     layout_basic
D:13:     layout_roguey, chequers_serial_rivers_large_b, fedhas_altar_1,
          uniq_urug
D:14:     layout_roguey, david_vaults_4, kennysheep_orc_sif_temple
Temple:   minmay_temple_bridge_abc
Lair:1:   layout_cave_pods, ebering_ghost_reflecting_pool,
          nicolae_quartered_pool_impasse, worms_lemuel, uniq_gastronok
Lair:2:   layout_cave_pods, grunt_megastairs_1, lemuel_fruit_fields,
          infiniplex_staircase_pool_2
Lair:3:   layout_loops_ring, mainiacjoe_shoals_entry_four_pools,
          hellmonk_spider_entry_life_and_decay, uniq_sonja, uniq_kirke
Lair:4:   layout_regular_city, slime_entry_1, serial_bayou_shore_a
Lair:5:   guppyfry_lair_end_dragon, layout_gridlike, hangedman_lair_in_review,
          lemuel_fruit_tree
Orc:1:    layout_caves
Orc:2:    st_orc_elflike, layout_caves, uniq_saint_roka, uniq_jorgrun

Skill      XL: |  1  2  3  4  5  6  7  8  9 10 11 12 13 14 |
---------------+-------------------------------------------+-----
Fighting       | 3 4 5 6 7 |  7.0
Axes           | 3 4 5 6 7 10 12 13 14 16 17 | 17.4
Armour         | 1 3 5 6 9 11 13 | 13.3
Shields        | 5 7 9 |  9.0
Evocations     | 3 6 8 |  8.9
Dodging        | |  2.1

Action                     |  1- 3 |  4- 6 |  7- 9 | 10-12 | 13-15 || total
---------------------------+-------+-------+-------+-------+-------++-------
  Melee: Hand axe          |    88 |   160 |   553 |   429 |       ||  1230
         Tailslap          |     9 |    19 |   125 |   143 |   120 ||   416
         Unarmed           |       |       |     1 |       |       ||     1
         War axe           |       |       |       |   258 |       ||   258
         Broad axe         |       |       |       |    23 |   510 ||   533
         Scimitar          |       |       |       |       |    14 ||    14
 Invoke: Berserk           |       |       |     6 |    17 |     9 ||    32
         Trog's Hand       |       |       |     1 |     1 |     4 ||     6
         Brothers in Arms  |       |       |       |     3 |     1 ||     4
  Evoke: Wand              |       |       |     2 |     5 |     2 ||     9
    Use: Potion            |       |     2 |     1 |     1 |       ||     4
         Scroll            |       |     8 |     5 |    13 |     8 ||    34
   Stab: Paralysed         |       |       |       |     4 |       ||     4
         Distracted        |       |       |       |     1 |    12 ||    13
 Armour: Robe              |     9 |       |       |       |       ||     9
         Ring mail         |    42 |    87 |   136 |       |       ||   265
         Skin              |       |    28 |       |       |       ||    28
         Plate armour      |       |       |   347 |   248 |       ||   595
         Scale mail        |       |       |       |   425 |   341 ||   766
  Dodge: Dodged            |    41 |    45 |   152 |   175 |   113 ||   526
  Block: Buckler           |       |       |       |   144 |   116 ||   260

Table legend: (Time is in decaauts)
 A = Elapsed time spent in this place.
 B = Non-inter-level travel time spent in this place.
 C = Inter-level travel time spent in this place.
 D = Time resting spent in this place.
 E = Time spent auto-exploring this place.
 F = Levels seen in this place.
 G = Mean time per level.
                   A        B        C        D        E       F      G
               +--------+--------+--------+--------+--------+-----+--------+
         Total |  21063 |  19903 |   1160 |    866 |  14426 |  25 |  842.5 |
       Dungeon |  13571 |  12739 |    832 |    419 |   9606 |  14 |  969.4 |
        Temple |    112 |     76 |     36 |      0 |     67 |   1 |  112.0 |
          Lair |   5466 |   5275 |    191 |    287 |   3936 |   5 | 1093.2 |
  Orcish Mines |    646 |    545 |    101 |      4 |    336 |   2 |  323.0 |
       Ossuary |    328 |    328 |      0 |      0 |    149 |   1 |  328.0 |
        Bailey |    462 |    462 |      0 |     61 |    239 |   1 |  462.0 |
      Gauntlet |    476 |    476 |      0 |     93 |     93 |   1 |  476.0 |
               +--------+--------+--------+--------+--------+-----+--------+

Top non-repeatable levels by time:
     D:3: 1517 daAuts
     D:5: 1488 daAuts
     D:8: 1391 daAuts
  Lair:2: 1302 daAuts
     D:9: 1257 daAuts
  Lair:1: 1252 daAuts
     D:4: 1238 daAuts
  Lair:5: 1156 daAuts
     D:7: 1050 daAuts
  Lair:3: 896 daAuts
     D:1: 889 daAuts
  Lair:4: 858 daAuts
    D:11: 851 daAuts
     D:6: 729 daAuts
     D:2: 725 daAuts
